[Event "Turkey IS Bank Super League 2017"]
[Site "Darica-Kocaeli"]
[Date "2017.08.05"]
[Round "12"]
[White "Dolgun, Can"]
[Black "Tanriverdi, Enes"]
[Result "1-0"]
[ECO "B23"]
[WhiteElo "2104"]
[BlackElo "2247"]
[Annotator "NA"]
[PlyCount "65"]
[EventType "team-tourn"]
[EventCountry "TUR"]
[SourceTitle "playchess.com"]
[Source "ChessBase"]
[SourceQuality "1"]
[TimeControl "40/5400+30:1800+30"]

1. e4 c5 2. Nc3 Nc6 3. Bb5 g6 4. Bxc6 bxc6 5. d3 Bg7 6. Bd2 {[%emt 0:00:30] B23: Closed Sicilian: Lines without g3} (6. f4 d6 7. Nf3 Nh6 8. O-O O-O 9. Kh1 f6 10. Qe1 Nf7 11. Bd2 e5 12. fxe5 fxe5 13. Qg3 Be6 14. b3 Qd7 15. Rf2 Bg4 16. Nh4 Nh8 {1-0 (54) Antoniewski,R (2607)-Maze,S (2564) Marrakesh 2010}) 6... d6 7. Nge2 e5 8. O-O $146 ({Predecessor:} 8. h4 h5 9. Bg5 f6 10. Bd2 Nh6 11. Qc1 Nf7 12. Nd1 f5 13. c4 Bf6 {0-1 (54) Lundin,J (2264)-Kololli,K (2161) Germany 2015}) 8... Ne7 9. f4 exf4 10. Bxf4 O-O 11. Qd2 Rb8 12. b3 Re8 13. Rae1 f5 (13... Be6 $14) 14. Ng3 Qa5 {[%emt 0:21:30] [#]} 15. Nd5 ({White should try} 15. Nb1 $1 $16 Qd8 16. Na3) 15... Qxd2 16. Nxe7+ Rxe7 17. Bxd2 fxe4 {[%emt 0:04:30] [%clk 0:43] [#]} 18. Nxe4 (18. Bf4 $1 $16 Bd4+ 19. Kh1) 18... Bd4+ {[%emt 0:01:30] [#]} ({Black should try} 18... d5 $1 $14 19. Nf6+ Bxf6 20. Rxf6 Rxe1+ 21. Bxe1 Bd7) 19. Kh1 (19. Be3 $1 $16 Bxe3+ 20. Rxe3) 19... d5 20. Bf4 Ra8 $1 21. Bd6 Re6 22. Bxc5 Rxe4 {[%emt 0:01:30] [#]} ({Better is} 22... dxe4 $14 23. Bxd4 exd3) 23. Bxd4 $1 Rxd4 24. Re8+ Kg7 25. Rff8 a5 26. Rxc8 Ra7 27. Rf1 a4 28. Rxc6 axb3 29. axb3 Rf4 30. Kg1 Rxf1+ 31. Kxf1 d4 32. Rc4 Ra2 33. Ke2 $18 1-0

[Event "Turkey IS Bank Super League 2017"]
[Site "Darica-Kocaeli"]
[Date "2017.08.05"]
[Round "12"]
[White "Ozenir, Ekin Baris"]
[Black "Ozates, Tuna"]
[Result "1-0"]
[ECO "E48"]
[WhiteElo "2098"]
[BlackElo "2291"]
[Annotator "NA"]
[PlyCount "57"]
[EventType "team-tourn"]
[EventCountry "TUR"]
[SourceTitle "playchess.com"]
[Source "ChessBase"]
[SourceQuality "1"]
[TimeControl "40/5400+30:1800+30"]

1. d4 e6 2. c4 Nf6 3. Nc3 Bb4 4. e3 O-O 5. Bd3 d5 6. Nge2 c5 7. cxd5 cxd4 8. exd4 Nxd5 9. O-O Nc6 10. Nxd5 Qxd5 11. a3 Ba5 12. Qc2 {[%emt 0:02:30] E48: Nimzo-Indian: Rubinstein: 5 Bd3 d5 including 6 Ne2, but excluding 6 a3} (12. Be3 Rd8 13. Qc2 h6 14. Rfd1 Qd6 15. Be4 Bd7 16. d5 exd5 17. Rxd5 Qe7 18. Rad1 Bg4 19. Rxd8+ Bxd8 20. Ra1 {½-½ (20) David,A (2580)-Fedorchuk,S (2650) Cannes 2011}) 12... h6 13. Rd1 Rd8 $146 ({Predecessor:} 13... Bb6 14. Bh7+ Kh8 15. Be4 Qh5 16. Bf4 Rd8 17. b4 Nxd4 18. Nxd4 Bxd4 19. Qc5 Qd5 20. Qxd5 Rxd5 21. Rac1 Rd8 22. Be5 Bb6 23. a4 a5 24. Rxd8+ Bxd8 25. b5 {½-½ (25) Glembek,B (2115)-Nosek,J (2275) ICCF email 2004}) 14. Bh7+ Kh8 $1 15. Be4 Qb5 16. Bf4 Bb6 {[%emt 0:15:30] [%clk 0:28] [#]} (16... Qh5 $1 $14) 17. a4 $1 Qb4 18. Bxc6 bxc6 19. a5 Bxd4 20. Ra4 Bxf2+ 21. Kxf2 Qe7 22. Rxd8+ Qxd8 23. Rd4 Qe7 24. Qd3 f5 $18 25. Rd8+ Kh7 26. Qd6 Qf6 27. Qf8 Qxf8 28. Rxf8 Bb7 29. a6 1-0

[Event "Turkey IS Bank Super League 2017"]
[Site "Darica-Kocaeli"]
[Date "2017.08.05"]
[Round "12"]
[White "Karagollu, Ahmet"]
[Black "Kiremitciyan, Ari"]
[Result "1/2-1/2"]
[ECO "B01"]
[WhiteElo "2083"]
[BlackElo "2240"]
[Annotator "NA"]
[PlyCount "121"]
[EventType "team-tourn"]
[EventCountry "TUR"]
[SourceTitle "playchess.com"]
[Source "ChessBase"]
[SourceQuality "1"]
[TimeControl "40/5400+30:1800+30"]

1. e4 d5 2. exd5 Qxd5 3. Nc3 Qd8 4. d4 Nf6 5. Bf4 c6 {[%emt 0:02:30] B01: Scandinavian Defence} (5... g6 6. Qd2 Bg7 7. O-O-O Nd5 8. Be5 f6 9. Bg3 c6 10. Kb1 Be6 11. Nge2 Nd7 12. Nxd5 cxd5 13. Nf4 {½-½ (43) Kasimdzhanov,R (2702)-McDonald,N (2415) London 2015}) 6. Nf3 Bg4 7. Qd2 $146 ({Predecessor:} 7. Be2 e6 8. O-O Bxf3 9. Bxf3 Bd6 10. Qd2 O-O 11. Rad1 Bxf4 12. Qxf4 Nbd7 13. Rfe1 {1-0 (46) Lacruz Algarate,A (2186)-Garcia Albarracin,F (2347) Almazan 2017}) 7... Bxf3 8. gxf3 e6 9. Rg1 Nh5 10. Bg5 Qc7 11. O-O-O h6 12. Be3 Nd7 13. f4 g6 14. d5 exd5 15. Bd4 (15. f5 $11 {remains equal.}) 15... Rg8 (15... Bg7 $1 $15 16. Bxg7 Nxg7) 16. Re1+ Kd8 17. Bh3 Bd6 18. Be5 Re8 19. Bxd7 Qxd7 20. Bxd6 Rxe1+ 21. Rxe1 Qxd6 22. f5 Qf4 (22... gxf5 $17 23. Ne2 Kd7) 23. fxg6 Qxd2+ 24. Kxd2 fxg6 25. Re6 Kd7 26. Rxg6 Rf8 27. Nd1 Rf6 28. Rxf6 Nxf6 29. f3 Ke6 30. Nf2 Kf5 31. Ke3 h5 32. Nd3 b6 33. b4 Nd7 34. Kd4 Nf8 35. Ke3 Ne6 36. c3 Kg5 37. Ne5 Nd8 38. f4+ Kf5 39. Nf3 c5 40. bxc5 bxc5 41. h3 Nc6 42. Nh4+ Kf6 43. Nf3 a6 44. Nd2 Na5 45. Kf3 Nc6 46. Nb3 c4 47. Nd2 (47. Nc5 $5 ) 47... d4 48. cxd4 Nxd4+ 49. Kf2 Kf5 50. Nxc4 Kxf4 51. a4 Ke4 52. Nb6 h4 53. Nd7 Kd5 $11 54. Ke3 Ne6 55. a5 Kc6 56. Nb8+ Kb5 57. Kf3 Ng5+ 58. Kg4 Nxh3 59. Kxh3 Kxa5 60. Nxa6 Kxa6 61. Kxh4 1/2-1/2

[Event "Turkey IS Bank Super League 2017"]
[Site "Darica-Kocaeli"]
[Date "2017.08.05"]
[Round "12"]
[White "Ozbay, Ece"]
[Black "Onur, Cigdem"]
[Result "0-1"]
[ECO "B30"]
[WhiteElo "1970"]
[BlackElo "1699"]
[Annotator "NA"]
[PlyCount "110"]
[EventType "team-tourn"]
[EventCountry "TUR"]
[SourceTitle "playchess.com"]
[Source "ChessBase"]
[SourceQuality "1"]
[TimeControl "40/5400+30:1800+30"]

1. e4 c5 2. Nf3 Nc6 3. Bb5 e6 4. O-O Nge7 5. Re1 Nd4 6. Nc3 a6 {[%emt 0:04:30] B30: Sicilian: 2...Nc6 3 Bb5, lines without ...g6} 7. Bf1 Nec6 (7... Nxf3+ 8. Qxf3 Nc6 9. d3 d6 10. Qd1 g6 11. Be3 Bg7 12. Qd2 {½-½ (59) Andreikin,D (2723)-Cherniaev,A (2460) Moscow 2012}) 8. Nxd4 cxd4 9. Ne2 Bc5 10. d3 O-O $146 ({Predecessor:} 10... d5 11. Nf4 dxe4 12. Rxe4 Bd6 13. Nh5 g5 14. Qg4 {½-½ (39) Kvisla,J (2123)-Bozzao,F (1941) Arco 2005}) 11. Ng3 d5 12. e5 (12. exd5 $11 exd5 13. a3) 12... f6 13. f4 fxe5 14. fxe5 Qh4 15. Qd2 {[%emt 0:11:30] [#]} (15. Qh5 $17 Qxh5 16. Nxh5) 15... Bb4 $1 16. c3 dxc3 17. bxc3 Bc5+ 18. d4 Nxd4 19. cxd4 Bxd4+ 20. Kh1 Bf2 21. Qg5 Bxe1 22. Qxh4 Rxf1+ 23. Nxf1 Bxh4 24. Ba3 Bd7 25. g3 Bd8 26. Nd2 Bc7 27. Nf3 Bc6 28. Kg1 h6 29. Rc1 Rc8 30. Bc5 Bb5 31. Be3 Bc4 32. Nd4 Kf7 33. Rb1 b5 34. Nc6 Ke8 $19 35. Bd4 Kd7 36. Nb4 Ra8 37. Rb2 a5 38. Nc2 Kc6 39. Kf2 Rf8+ 40. Ke3 Rf5 41. g4 Rf1 42. a3 g5 43. Kd2 Rf4 44. Bc3 Rxg4 45. Nd4+ Kd7 46. Ke1 Bxe5 47. Nxb5 Rg1+ 48. Kf2 Rf1+ 49. Kg2 Bxc3 50. Nxc3 Rc1 51. Na4 Kd6 52. Rb6+ Ke5 53. Kg3 d4 54. Nc5 Rc3+ 55. Kf2 Rxa3 0-1

[Event "Turkey IS Bank Super League 2017"]
[Site "Darica-Kocaeli"]
[Date "2017.08.05"]
[Round "12"]
[White "Duran, Esma Doga"]
[Black "Avramidou, Anastasia"]
[Result "1/2-1/2"]
[ECO "E13"]
[WhiteElo "1939"]
[BlackElo "2247"]
[Annotator "NA"]
[PlyCount "135"]
[EventType "team-tourn"]
[EventCountry "TUR"]
[SourceTitle "playchess.com"]
[Source "ChessBase"]
[SourceQuality "1"]
[TimeControl "40/5400+30:1800+30"]

1. d4 Nf6 2. c4 e6 3. Nf3 b6 4. Nc3 Bb4 5. Bg5 Bb7 6. e3 h6 7. Bh4 g5 8. Bg3 Ne4 9. Qc2 Bxc3+ 10. bxc3 Nxg3 11. hxg3 Bxf3 {[%emt 0:01:30] E13: Queen's Indian/Nimzo-Indian hybrid: 4 Nc3 Bb7 5 Bg5 h6 6 Bh4 Bb4} (11... h5 12. a4 Nc6 13. Nd2 g4 14. Nb3 Qg5 15. a5 Nxa5 16. Nxa5 bxa5 17. e4 f5 18. Bd3 fxe4 19. Bxe4 Bxe4 20. Qxe4 {½-½ (74) Moiseenko,A (2701)-Kryvoruchko,Y (2706) Lvov 2014}) 12. gxf3 Nc6 $146 ({Predecessor:} 12... d5 13. e4 dxc4 14. Bxc4 c5 15. Bb5+ Nd7 16. Rd1 a6 17. Bc6 Ra7 18. d5 e5 19. Qd2 {½-½ (49) Dutra,L (1586)-Guedes Germando,J Sao Paulo 2016}) 13. Bd3 Qe7 14. Kf1 Na5 (14... h5 $14) 15. Kg2 (15. Rh5 $16) 15... c5 (15... h5 $11) 16. Qe2 (16. Be2 $16) 16... e5 (16... h5 $14) 17. Be4 Rc8 {[%emt 0:05:30] [#]} 18. Rac1 (18. dxe5 $1 $18 Qxe5 19. Qd3) 18... d6 19. Qd1 ({White should play} 19. dxe5 $18 dxe5 20. Rh5) 19... Kf8 20. Qa4 Kg7 21. g4 Qe8 22. Qxe8 Rhxe8 23. dxe5 Nxc4 24. exd6 Nxd6 25. Bd5 c4 26. Kg3 Rc5 27. Rhd1 Kf6 28. f4 gxf4+ 29. Kxf4 Nb5 30. Bg2 Nc7 31. Rd6+ Ne6+ 32. Kg3 h5 33. f4 hxg4 34. Kxg4 Rg8+ 35. Kf3 Ra5 36. Rc2 Ke7 37. Rcd2 Rd8 38. Rxd8 Nxd8 39. Bh3 Ra3 40. Rd7+ Ke8 41. Rc7 Rxc3 42. Rxa7 Kf8 43. Ra8 Ke7 44. Ra7+ Kf8 45. Ra8 Ke8 46. Rb8 Rc1 47. Bf5 ({Much worse is} 47. Rxb6 c3 $17) 47... c3 48. Ke2 Ra1 49. Rxb6 Rxa2+ 50. Kd1 Rd2+ 51. Ke1 Rg2 52. Rb3 Rg1+ 53. Ke2 Rc1 54. Kd3 Nc6 55. Rxc3 Rd1+ 56. Ke4 Ne7 57. Bg4 Rd6 58. f5 Nd5 59. Rc8+ Ke7 60. Rc5 Nf6+ 61. Kf4 Nd5+ $14 62. Ke4 Nf6+ 63. Kf4 Nd5+ 64. Ke4 Nf6+ 65. Kf4 Nd5+ 66. Ke4 Nf6+ 67. Kf4 Nd5+ 68. Ke4 1/2-1/2

[Event "Turkey IS Bank Super League 2017"]
[Site "Darica-Kocaeli"]
[Date "2017.08.05"]
[Round "12"]
[White "Yassibag, Ipek Asli"]
[Black "Ayazmali, Gizem"]
[Result "1-0"]
[ECO "C46"]
[WhiteElo "1880"]
[BlackElo "1849"]
[Annotator "NA"]
[PlyCount "75"]
[EventType "team-tourn"]
[EventCountry "TUR"]
[SourceTitle "playchess.com"]
[Source "ChessBase"]
[SourceQuality "1"]
[TimeControl "40/5400+30:1800+30"]

1. e4 e5 2. Nf3 Nc6 3. Bc4 g6 4. d3 Bg7 5. Nc3 h6 6. Be3 {[%emt 0:02:30] C46: 3 Nc3: Unusual Black 3rd moves} (6. a3 Nge7 7. O-O d6 8. h3 O-O 9. Nh2 Kh7 10. Ba2 f5 11. Nd5 Nxd5 12. Bxd5 Ne7 13. Bb3 c6 {0-1 (28) Salih,A (2284)-Cornette,M (2566) Doha 2014}) 6... Na5 7. Bb3 Nxb3 8. axb3 a6 $146 ({Predecessor:} 8... d6 9. Qd2 c5 10. b4 cxb4 11. Nd5 Be6 12. Bb6 axb6 13. Rxa8 Qxa8 {1-0 (22) Kloke,S (2112)-Wiechen,U (2171) Germany 2006}) 9. d4 Ne7 (9... f6 $14) 10. Nxe5 (10. dxe5 $18 Nc6 11. O-O) 10... d6 11. Nf3 d5 12. Nxd5 Nxd5 13. exd5 Qxd5 14. c4 Qd6 15. O-O O-O 16. Qd2 g5 17. d5 c5 18. b4 cxb4 19. Ra5 Rd8 20. Bc5 Qg6 21. Bxb4 $16 Bg4 22. Nd4 Rac8 23. b3 Bf5 24. Nxf5 Qxf5 25. d6 Qd7 26. c5 Re8 27. Ra2 Re4 28. Ba3 Rd4 29. Qa5 Rd3 30. Re2 Bf6 31. Qb4 Rd4 32. Qb6 Rc6 33. Qa7 Rd3 34. Bb2 Bd8 35. b4 a5 36. b5 Rc8 37. c6 Qxd6 38. cxb7 1-0

[Event "Turkey IS Bank Super League 2017"]
[Site "Darica-Kocaeli"]
[Date "2017.08.05"]
[Round "12"]
[White "Ayan, Bengu Sena"]
[Black "Kargaci, Humeyra"]
[Result "0-1"]
[ECO "D70"]
[WhiteElo "1862"]
[BlackElo "1737"]
[Annotator "NA"]
[PlyCount "104"]
[EventType "team-tourn"]
[EventCountry "TUR"]
[SourceTitle "playchess.com"]
[Source "ChessBase"]
[SourceQuality "1"]
[TimeControl "40/5400+30:1800+30"]

1. d4 Nf6 2. c4 g6 3. f3 d5 4. cxd5 Nxd5 5. e4 Nb6 6. Nc3 Bg7 7. Be3 c6 {[%emt 0:03:30] D70: Grünfeld: Unusual White 3rd moves (met by ...d5)} (7... O-O 8. Qd2 Nc6 9. O-O-O Qd6 10. Kb1 Rd8 11. Nb5 Qd7 12. d5 a6 13. Nc3 Qe8 14. Qc1 Na5 15. h4 e6 16. Bf4 Rd7 17. Bh6 Bxh6 18. Qxh6 exd5 {½-½ (35) Aronian,L (2809)-Svidler,P (2749) Geneve 2017}) 8. Qd2 Be6 9. b3 N8d7 $146 ({Predecessor:} 9... a5 10. Rd1 a4 11. d5 cxd5 12. exd5 Bd7 13. Ne4 axb3 14. axb3 Bf5 15. Ng3 {0-1 (36) Severino,S (2349)-Liu,X (2423) Olongapo City 2015}) 10. Nge2 h5 11. Nf4 Nf8 12. Rc1 Qd6 13. d5 Bd7 14. Bc4 Nxc4 15. bxc4 c5 16. Nd3 Rc8 17. O-O Nh7 {[%emt 0:04:30] [#]} (17... b6 {keeps fighting.} 18. Bf4 Bd4+ 19. Kh1 e5) 18. e5 $1 Bxe5 19. Nxe5 Qxe5 20. Rfe1 Qf5 {[%emt 0:01:30] [#]} 21. Bxc5 $1 O-O 22. Bxe7 Rfe8 23. c5 Nf6 24. Ne4 $2 ({Better is} 24. Qd4 $18 Rxe7 25. Rxe7) 24... Rxe7 25. Nd6 Qxd5 26. Qxd5 Nxd5 27. Nxc8 Bxc8 28. Rxe7 Nxe7 29. Rd1 Nc6 30. a3 Kf8 31. Kf2 Ke7 32. Ke3 Bd7 33. Rb1 Nd8 34. Kd4 Ne6+ 35. Kc4 Bc6 36. Rd1 h4 37. Rf1 Ng5 38. f4 Ne4 39. Kd4 f5 40. Rg1 Kf6 41. g4 Nd2 $19 42. g5+ Kf7 43. Ke3 Nc4+ 44. Kd4 Nxa3 45. Ke5 Nc4+ 46. Kd4 Nd2 47. Kc3 Ne4+ 48. Kb4 Nf2 49. Ra1 Nd3+ 50. Kc4 Nxf4 51. Rxa7 Ne6 52. Kb4 Nxg5 0-1

[Event "Turkey IS Bank Super League 2017"]
[Site "Darica-Kocaeli"]
[Date "2017.08.05"]
[Round "12"]
[White "Yurdakul, Didem Nuray"]
[Black "Kose, Ulya"]
[Result "1-0"]
[ECO "C56"]
[WhiteElo "1697"]
[BlackElo "1591"]
[Annotator "NA"]
[PlyCount "75"]
[EventType "team-tourn"]
[EventCountry "TUR"]
[SourceTitle "playchess.com"]
[Source "ChessBase"]
[SourceQuality "1"]
[TimeControl "40/5400+30:1800+30"]

1. e4 e5 2. Nf3 Nc6 3. d4 exd4 4. Bc4 Nf6 5. e5 d5 6. Bb5 Ne4 7. Nxd4 Bd7 8. Bxc6 bxc6 9. O-O Bc5 10. f3 Ng5 11. f4 Ne4 12. Be3 Bb6 13. Nd2 Nxd2 14. Qxd2 c5 15. Nf3 d4 16. Bf2 Bc6 17. Bh4 Qd7 18. b3 Qg4 19. h3 Qg6 20. Rad1 f6 21. a4 a5 22. Rde1 O-O-O 23. exf6 gxf6 24. Re6 Rd6 25. Qe2 d3 26. cxd3 c4+ 27. d4 Bxf3 28. Rxf3 Bxd4+ 29. Kh2 c3 30. Rxd6 cxd6 31. Qc4+ Bc5 32. Rxc3 Kd8 33. Rg3 Qb1 34. Bxf6+ Kc8 35. Bd4 Kd7 36. Rg7+ Kc6 37. Bxc5 dxc5 38. Qe6# 1-0

[Event "Turkey IS Bank Super League 2017"]
[Site "Darica-Kocaeli"]
[Date "2017.08.05"]
[Round "12"]
[White "Sade, Defne"]
[Black "Arda, Cagil Irmak"]
[Result "1/2-1/2"]
[ECO "B51"]
[WhiteElo "1654"]
[BlackElo "2080"]
[Annotator "NA"]
[PlyCount "140"]
[EventType "team-tourn"]
[EventCountry "TUR"]
[SourceTitle "playchess.com"]
[Source "ChessBase"]
[SourceQuality "1"]
[TimeControl "40/5400+30:1800+30"]

1. e4 c5 2. Nf3 d6 3. Bb5+ Nd7 4. O-O a6 5. Bd3 {[%emt 0:00:00] B51: Sicilian: Moscow Variation (3 Bb5+) without 3...Bd7} Ngf6 (5... b5 6. Re1 Bb7 7. a4 b4 8. Bc4 Ngf6 9. d3 e6 10. Nbd2 Be7 11. Nf1 O-O 12. Ng3 d5 {1-0 (50) Vachier Lagrave,M (2783)-Nepomniachtchi,I (2766) Leuven 2017}) 6. Re1 e6 7. c3 Be7 8. Bf1 b6 $146 ({Find the theoretical novelty and annotate with similar games:} 8... b5 9. d4 Bb7 10. Bd3 O-O 11. Bf4 cxd4 12. cxd4 Rc8 13. a4 b4 {0-1 (66) Muzychuk,A (2452)-Fedorchuk,S (2599) Warsaw 2006}) 9. d4 Bb7 10. Nbd2 O-O 11. Bd3 Qc7 12. Qe2 e5 13. d5 Nh5 14. c4 g6 15. Nf1 Bf6 16. g3 Rae8 17. h4 Bh8 18. Bh6 Bg7 19. Qd2 Ndf6 20. N1h2 Bc8 21. Qg5 Kh8 22. Qd2 ({White should play} 22. Bxg7+ $11 Kxg7 23. b3) 22... Bxh6 23. Qxh6 Ng8 24. Qd2 h6 25. Qd1 Nhf6 26. Nd2 Nh7 27. h5 Qd8 28. Be2 Ng5 29. Bf1 f5 30. hxg6 Qf6 31. Nhf3 Nxe4 32. Nh4 Nxd2 33. Qxd2 Qg5 34. Qxg5 hxg5 35. Nf3 g4 36. Nh4 Kg7 37. Rab1 Bd7 38. b4 Rb8 39. Rb2 cxb4 40. Rxb4 Ne7 41. Reb1 b5 42. cxb5 Nxd5 43. R4b3 axb5 $1 44. Bxb5 Bxb5 45. Rxb5 Rxb5 46. Rxb5 $11 Ne7 47. a4 Kf6 48. Rb7 Ra8 49. g7 Rg8 50. a5 Rxg7 51. a6 Rg8 52. a7 Ra8 53. Ng2 Ke6 54. Ne3 d5 55. Rb6+ Kd7 56. Rb7+ Kd6 57. Rb6+ Kc5 58. Re6 Nc6 59. Nxf5 Rxa7 60. Rg6 Ra1+ 61. Kg2 d4 62. Rxg4 d3 63. Ne3 d2 64. Rc4+ Kd6 65. Re4 Re1 66. Nc4+ Kd5 67. Nxd2 Rxe4 68. Nxe4 Kxe4 69. f4 exf4 70. gxf4 Kxf4 1/2-1/2